 Dungeon Crawl Stone Soup version 0.23.2-1-ga50397a (webtiles) character file.

Game seed: 17578373812414060979

278 myga the Digger (level 5, -7/38 HPs)
             Began as a Demigod Earth Elementalist on June 2, 2019.
             Mangled by a wight
             ... wielding a cursed +3 long sword
              (9 damage)
             ... on level 3 of the Dungeon.
             The game lasted 00:08:53 (2169 turns).

myga the Digger (Demigod Earth Elementalist)        Turns: 2169, Time: 00:08:54

Health: -7/38      AC:  2    Str: 11    XL:     5   Next: 75%
Magic:  5/13       EV: 13    Int: 19    God:
Gold:   84         SH:  0    Dex: 18    Spells: 1/11 levels left

rFire    . . .     SeeInvis .   h - +1 dagger (venom)
rCold    . . .     Gourm    .   (no shield)
rNeg     + . .     Faith    .   c - +0 robe
rPois    .         Spirit   .   (no helmet)
rElec    .         Reflect  .   (no cloak)
rCorr    .         Harm     .   (no gloves)
MR       .....                  (no boots)
Stlth    ++........             (no amulet)
HPRegen  0.12/turn              f - ring of flight
MPRegen  0.13/turn              g - ring of positive energy

@: lightly drained
A: high mp 1
a: Evoke Flight


You were on level 3 of the Dungeon.
You were not hungry.

You visited 1 branch of the dungeon, and saw 3 of its levels.

You collected 84 gold pieces.

Inventory:

Hand Weapons
 h - a +1 dagger of venom (weapon)
Missiles
 b - 29 stones (quivered)
 q - 2 tomahawks
Armour
 c - a +0 robe (worn)
Jewellery
 f - a ring of flight (left hand)
 g - a ring of positive energy (right hand)
Scrolls
 a - a scroll of amnesia
 e - a scroll of blinking {unknown}
 l - a scroll of remove curse
 n - 2 scrolls of fear {unknown}
 p - a scroll of enchant weapon {unknown}
 r - a scroll of noise {unknown}
Potions
 i - a potion of agility {unknown}
 j - 3 potions of curing
 k - a potion of invisibility {unknown}
 m - a potion of mutation {unknown}
 s - a potion of degeneration {unknown}
Comestibles
 d - 3 rations
 o - 11 chunks of flesh


   Skills:
 + Level 0.2(0.0) Fighting
 + Level 0.9(0.6) Short Blades
 + Level 2.4(2.1) Dodging
 + Level 2.3(2.0) Stealth
 + Level 3.6(3.3) Spellcasting
 + Level 0.2(0.0) Conjurations
 + Level 0.8(0.5) Transmutations
 + Level 4.1(3.8) Earth Magic


You had one spell level left.
You knew the following spells:

 Your Spells              Type           Power        Failure   Level  Hunger
a - Sandblast             Erth           ###...       3%          1    None
b - Passwall              Tmut/Erth      ##......     9%          2    ##.....
c - Stone Arrow           Conj/Erth      ##....       21%         3    ###....
d - Petrify               Tmut/Erth      ##......     52%         4    ####...

Your spell library contained the following spells:

 Spells                   Type           Power        Failure   Level  Hunger
 Lee's Rapid Deconstruct  Erth           ###.......   65%         5    ######.


Dungeon Overview and Level Annotations

Branches:
Dungeon (3/15)


Innate Abilities, Weirdness & Mutations

You have an increased reservoir of magic. (+10% MP)


Message History

Aim: a wight, wielding a +3 war axe and wearing a +0 robe The blast of sand hits the wight.
The wight is moderately damaged.
b - 30 stones You hit the wight but do no damage.
The wight is moderately damaged.
The wight hits you with a cursed +3 long sword!
* * * LOW HITPOINT WARNING * * *
You partially resist.
You feel drained.
* * * LOW HITPOINT WARNING * * *
Casting: Sandblast (safe; 3% risk of failure)
Confirm with . or Enter, or press ? or * to list all spells.
Aiming: Sandblast (safe; 3% risk of failure)
Press: ? - help, Shift-Dir - straight line, f/p - wight
Aim: a wight, wielding a +3 war axe and wearing a +0 robe The blast of sand hits the wight but does no damage.
The wight is moderately damaged.
b - 29 stones The wight hits you with a cursed +3 long sword!
You die...

..#.......########
##+#+###.#..............#
.......#.#####).........#
.....z.#.## #.).)......#
.......#..# #..)รท......#
.......##.####.#.########
.......J.Jz....#.#
.......###z#####.#
....... #@# #.# .......
#.# #.# +###### #.## #.#
#..# #.# ##.# #.# #.##
#.# #..# #.# ##
##.###.#### #. #........#
#.


You could see 2 wights and an ooze.

Vanquished Creatures
  An ice beast (D:3)
  A wight (D:3)
  An orc wizard (D:3)
  4 adders
  2 worms
  A leopard gecko (D:3)
  9 orcs (D:3)
  3 giant cockroaches
  4 goblins
  4 hobgoblins
  7 jackals
  11 kobolds
  A ball python (D:1)
  3 bats
  7 frilled lizards
  12 rats
71 creatures vanquished.

Notes
Turn   | Place    | Note
-------+----------+-------------------------------------------
     0 | D:1      | myga the Demigod Earth Elementalist began the quest for the
                  | Orb.
     0 | D:1      | Reached XP level 1. HP: 14/14 MP: 5/5
    99 | D:1      | Reached skill level 3 in Earth Magic
   404 | D:1      | Reached XP level 2. HP: 20/20 MP: 5/7
   421 | D:1      | Learned a level 2 spell: Passwall
   936 | D:2      | Reached XP level 3. HP: 26/26 MP: 7/9
  1038 | D:2      | Learned a level 3 spell: Stone Arrow
  1345 | D:2      | Found a glowing golden altar of the Shining One.
  1680 | D:3      | Reached XP level 4. HP: 33/33 MP: 4/11
  1753 | D:3      | Noticed an ice beast
  1775 | D:3      | Killed an ice beast
  1775 | D:3      | Reached skill level 4 in Earth Magic
  1775 | D:3      | Reached XP level 5. HP: 24/38 MP: 6/13
  1912 | D:3      | Learned a level 4 spell: Petrify
  2169 | D:3      | Mangled by a wight

Skill      XL: |  1  2  3  4 |
---------------+-------------+-----
Earth Magic    | 3 4 |  4.1
Spellcasting   | 2 3 |  3.6
Stealth        | 2 |  2.3
Dodging        | 2 |  2.4
Fighting       | |  0.2
Short Blades   | |  0.9
Conjurations   | |  0.2
Transmutations | |  0.8

Action                   |  1- 3 |  4- 6 || total
-------------------------+-------+-------++-------
Melee: Dagger            |    48 |    26 ||    74
 Cast: Sandblast         |    49 |    26 ||    75
       Stone Arrow       |     4 |     1 ||     5
  Use: Potion            |     1 |       ||     1
       Scroll            |     2 |       ||     2
 Stab: Sleeping          |     1 |     1 ||     2
  Eat: Chunk             |     3 |     2 ||     5
Armor: Robe              |    11 |     4 ||    15
Dodge: Dodged            |    34 |    16 ||    50
